 Dungeon Crawl Stone Soup version 0.29-a0-356-g7bc237e783 (webtiles) character file.

Game seed: 8835880675685456671

35 Shayle the Sneak (level 3, -6/22 HPs)
             Began as a Tengu Brigand on Apr 25, 2022.
             Mangled by an orc priest
             ... wielding a +0 flail
              (7 damage)
             ... on level 2 of the Dungeon.
             The game lasted 00:03:36 (1108 turns).

Shayle the Sneak (Tengu Brigand)                    Turns: 1108, Time: 00:03:37

Health: -6/22      AC: 10    Str: 12    XL:     3   Next: 35%
Magic:  5/5        EV:  6    Int: 14    God:
Gold:   124        SH:  0    Dex: 16    Spells: 4/4 levels left

rFire   . . .      SeeInvis +   a - +2 dagger
rCold   . . .      Faith    .   (no shield)
rNeg    . . .      Spirit   .   g - +0 chain mail
rPois   .          Reflect  .   (helmet restricted)
rElec   .          Harm     .   c - +0 cloak
rCorr   .          Rampage  .   (no gloves)
Will    .....                   (boots unavailable)
Stlth   ..........              (no amulet)
HPRegen 0.07/turn               h - ring of the Octopus King {AC+1 EV+1 Str+1 Int+1 Dex+1 SInv}
MPRegen 0.09/turn               (no ring)

@: brilliant, attractive
A: beak, talons 3
a: no special abilities


You were on level 2 of the Dungeon.
You visited 1 branch of the dungeon, and saw 2 of its levels.

You collected 124 gold pieces.

Inventory:

Hand Weapons
 a - a +2 dagger (weapon)
Missiles
 d - 9 poisoned darts (quivered)
 e - 3 curare-tipped darts
Armour
 b - a +0 robe
 c - a +0 cloak (worn)
 g - a +0 chain mail (worn)
Jewellery
 h - a ring of the Octopus King (left hand) {AC+1 EV+1 Str+1 Int+1 Dex+1 SInv}
   (You found it on level 1 of the Dungeon)

   [ring of see invisible]

   AC:        It affects your AC (+1).
   EV:        It affects your evasion (+1).
   Str:       It affects your strength (+1).
   Int:       It affects your intelligence (+1).
   Dex:       It affects your dexterity (+1).
   SInv:      It lets you see invisible.
Wands
 i - a wand of flame (8)
Scrolls
 f - 3 scrolls of identify {unknown}
Potions
 l - a potion of resistance {unknown}


   Skills:
 + Level 2.5 Fighting
 - Level 2.3 Short Blades
 - Level 2.1 Throwing
 + Level 2.1 Dodging
 - Level 4.0 Stealth
 + Level 1.1 Spellcasting


You had 4 spell levels left.
You didn't know any spells.
Your spell library was empty.

Dungeon Overview and Level Annotations

Branches:
Dungeon (2/15)

Altars:


Innate Abilities, Weirdness & Mutations

You have a beak for a mouth.
You have claws for feet.


Message History

The orc priest looks braver for a moment.
You hit the rat.
You kill the rat!
The orc priest barely misses you. The orc barely misses you.
You closely miss the orc priest. Your peck misses the orc priest.
The orc priest barely misses you. The orc hits you with a +0 flail.
You hit the orc priest. Your kick misses the orc priest.
The orc priest is lightly wounded.
The orc priest hits you but does no damage.
The orc completely misses you.
You hit the orc priest but do no damage.
Your kick misses the orc priest.
The orc priest is lightly wounded.
The orc priest closely misses you. The orc hits you with a +0 flail.
The endoplasm freezes you.
You are frozen.
* * * LOW HITPOINT WARNING * * *
Okay, then.
You hit the orc priest.
You claw the orc priest, but do no damage.
The orc priest is moderately wounded.
You hit the orc priest.
The orc priest is moderately wounded.
The orc priest calls down the wrath of Beogh upon you.
Pain shoots through your body!
* * * LOW HITPOINT WARNING * * *
The endoplasm freezes you.
You are frozen.
* * * LOW HITPOINT WARNING * * *
The orc barely misses you.
Unknown command.
It was a potion of attraction.
You feel attractive to monsters.
The orc priest hits you but does no damage.
The orc barely misses you.
The endoplasm hits you but does no damage.
It was a potion of brilliance.
You feel clever all of a sudden.
The orc priest hits you with a +0 flail!
You die...

#.....
#.....
#....# ....#
#...# #...#
#
#..<#####.#.
#..@J.......
#.=oo.......
#.##.###....
#..........#
#.##.#######
#.##.#
#.##.#
#.##.#
#.##.#


You could see an orc priest, an orc and an endoplasm.

Vanquished Creatures
  A worm (D:2)
  An orc (D:2)
  3 bats (D:1)
  3 endoplasms
  3 giant cockroaches (D:1)
  3 goblins (D:1)
  4 hobgoblins
  3 kobolds (D:1)
  A quokka (D:1)
  2 ball pythons (D:1)
  4 rats
28 creatures vanquished.

Notes
Turn   | Place    | Note
-------+----------+-------------------------------------------
     0 | D:1      | Shayle the Tengu Brigand began the quest for the Orb.
     0 | D:1      | Reached XP level 1. HP: 12/12 MP: 2/2
   140 | D:1      | Reached XP level 2. HP: 17/17 MP: 3/3
   335 | D:1      | Found the ring of the Octopus King
   341 | D:1      | Found a faded altar of an unknown god.
   343 | D:1      | Identified a ring of the Octopus King {AC+1 EV+1 Str+1
                  | Int+1 Dex+1 SInv}
   408 | D:1      | You fall into a shaft and drop 1 floor!
   513 | D:1      | Reached XP level 3. HP: 22/22 MP: 5/5
   540 | D:1      | Reached skill level 1 in Spellcasting
  1106 | D:2      | HP: 1/22 [frozen (4)]
  1108 | D:2      | Mangled by an orc priest

Illustrated notes

Levels and vault maps discovered:
D:1:      sevenhm_arrival_forest_fort_large_4, layout_basic,
          hellmonk_ecumenical_altar_lost_god, wad_floor_pattern_untrapped,
          minmay_door_square, minmay_unequal
D:2:      layout_loops_ring

Skill      XL: |  1  2  3 |
---------------+----------+-----
Spellcasting   | 1 |  1.1
Dodging        | 2 |  2.1
Fighting       | |  2.5
Short Blades   | |  2.3
Throwing       | |  2.1
Stealth        | |  4.0

Action                   || total
-------------------------++-------
Melee: Dagger            ||    72
       Peck              ||     6
       Kick              ||    15
  Use: Potion            ||     2
 Stab: Sleeping          ||     3
Armor: Robe              ||     5
       Chain mail        ||    28
Dodge: Dodged            ||    37

Table legend: (Time is in decaauts)
 A = Elapsed time spent in this place.
 B = Non-inter-level travel time spent in this place.
 C = Inter-level travel time spent in this place.
 D = Time resting spent in this place.
 E = Time spent auto-exploring this place.
 F = Levels seen in this place.
 G = Mean time per level.
                   A        B        C        D        E       F      G
               +--------+--------+--------+--------+--------+-----+--------+
         Total |   1099 |   1080 |     19 |      0 |    764 |   2 |  549.5 |
       Dungeon |   1099 |   1080 |     19 |      0 |    764 |   2 |  549.5 |
               +--------+--------+--------+--------+--------+-----+--------+

Top non-repeatable levels by time:
     D:1: 860 daAuts
     D:2: 239 daAuts
